 Dungeon Crawl Stone Soup version 0.31-a0-981-geadf994542 (webtiles) character file.

Game seed: 11629052524835479600

413 Persephone the Cleaver (level 6, -1/51 HPs)
             Began as a Hill Orc Fighter on Oct 31, 2023.
             Was an Initiate of the Shining One.
             Slain by a wyvern zombie (6 damage)
             ... on level 5 of the Dungeon.
             The game lasted 00:03:29 (3238 turns).

Persephone the Cleaver (Hill Orc Fighter)           Turns: 3238, Time: 00:03:29

Health: -1/51      AC: 12    Str: 21    XL:     6   Next: 90%
Magic:  2/2        EV:  5    Int:  8    God:    the Shining One [......]
Gold:   113        SH:  4    Dex: 10    Spells: 5/5 levels left

rFire   . . .        m - +2 war axe (antimagic)
rCold   . . .        c - +0 buckler
rNeg    . . .        x - +0 plate armour
rPois   .            (no helmet)
rElec   .            (no cloak)
rCorr   .            (no gloves)
SInv    .            l - +0 pair of boots
Will    .....        (no amulet) Stlth
                     k - +4 ring of slaying
HPRegen 0.28/turn    (no ring)
MPRegen 0.08/turn

%: no passive effects
@: mighty, glowing
A: no striking features
a: Renounce Religion


You were on level 5 of the Dungeon.
You worshipped the Shining One.
The Shining One was noncommittal.
You visited 1 branch of the dungeon, and saw 5 of its levels.

You collected 288 gold pieces.
You spent 175 gold pieces at shops.

Inventory:

Hand Weapons
 a - a +0 war axe
 m - a +2 antimagic war axe (weapon)
Armour
 b - a +0 scale mail
 c - a +0 buckler (worn)
 l - a +0 pair of boots (worn)
 x - a +0 plate armour (worn)
 z - a +1 pair of boots
Jewellery
 k - a +4 ring of slaying (left hand)
 q - a +6 ring of dexterity
 t - a +6 ring of intelligence
 v - a ring of wizardry
Wands
 u - a wand of flame (28)
Scrolls
 f - a scroll of identify
 g - a scroll of torment
 h - a scroll of butterflies
 j - a scroll of revelation {unknown}
 n - a scroll of fog
 y - a scroll of teleportation
Potions
 i - a potion of enlightenment {unknown}
 o - a potion of attraction {unknown}
 p - a potion of resistance {unknown}
 r - a potion of invisibility {unknown}
 s - 3 potions of brilliance {unknown}
 w - a potion of lignification {unknown}


   Skills:
 - Level 3.6 Fighting
 + Level 9.4 Axes
 - Level 3.2 Armour
 - Level 3.2 Shields


You had 5 spell levels left.
You didn't know any spells.
Your spell library contained the following spells:

 Spells                   Type           Power      Damage    Failure   Level
 Call Canine Familiar     Summ           0%         N/A       100%        3
 Sigil of Binding         Hex            0%         N/A       100%        3
 Dimensional Bullseye     Hex/Tloc       0%         N/A       100%        4
 Leda's Liquefaction      Hex/Erth       0%         N/A       100%        4


Dungeon Overview and Level Annotations

Branches:
Dungeon (5/15)
 Temple: D:4-7

Altars:
Gozag
Hepliaklqana
Nemelex Xobeh
The Shining One

Shops:
D:4 (


Message History

You are too injured to fight recklessly!
You are too injured to fight recklessly!
You are too injured to fight recklessly!
You are too injured to fight recklessly!
You are too injured to fight recklessly!
You are too injured to fight recklessly!
You are too injured to fight recklessly!
You are too injured to fight recklessly!
You are too injured to fight recklessly!
You are too injured to fight recklessly!
You are too injured to fight recklessly!
You are too injured to fight recklessly!
You are too injured to fight recklessly!
You are too injured to fight recklessly!
You are too injured to fight recklessly!
You are too injured to fight recklessly!
You hit the ogre.
The ogre is lightly wounded.
The ogre hits you with a +0 giant club!
* * * LOW HITPOINT WARNING * * *
You completely miss the ogre.
The ogre is lightly wounded.
You hear the slow hiss of an avalanche of sand nearby.
A wyvern zombie comes into view.
Okay, then.
Unknown command.
You feel much better.
The ogre hits you with a +0 giant club!!
* * * LOW HITPOINT WARNING * * *
You feel very mighty all of a sudden. The ogre hits you but does no damage.
You completely miss the ogre.
The ogre is lightly wounded.
You slash the ogre!
The ogre is heavily wounded.
You slice the wyvern zombie!! You block the wyvern zombie's attack.
The ogre hits you with a +0 giant club!
* * * LOW HITPOINT WARNING * * *
The wyvern zombie bites you.
You die...

#.######### #.#........
#.#......# #.#......#
## . #.#......#... .8.
#.#......##.# ##
.8.8.#.#......##>#..
..............##.#.# #
...Z.#.#.O@...##.#.##.#
... #.#.Z....##......#
# #.#.........#.####.
#.#................
#.#########.#.##### #.
#...######## ..
###......... #.#######.
#.#


You could see an ogre and a wyvern zombie.

Vanquished Creatures
  3 scorpions (D:4)
  2 hounds
  Terence (D:3)
  Ijyb (D:3)
  A hound skeleton (D:5)
  4 adders
  3 worms
  5 dart slugs
  2 orcs
  5 bats
  5 endoplasms
  A giant cockroach (D:2)
  4 hobgoblins
  2 jackals (D:1)
  4 kobolds
  A quokka (D:1)
  8 ball pythons
  4 frilled lizards
  4 goblins
  4 rats
64 creatures vanquished.

Notes
Turn   | Place    | Note
-------+----------+-------------------------------------------
     0 | D:1      | Persephone the Hill Orc Fighter began the quest for the
                  | Orb.
     0 | D:1      | Reached XP level 1. HP: 19/19 MP: 1/1
    27 | D:1      | Reached skill level 3 in Axes
   124 | D:1      | Reached XP level 2. HP: 26/26 MP: 2/2
   219 | D:1      | Reached skill level 4 in Axes
   263 | D:1      | Found a faded altar of an unknown god.
   456 | D:2      | Reached XP level 3. HP: 31/31 MP: 3/3
   639 | D:2      | Reached skill level 5 in Axes
   656 | D:2      | Found a sparkling altar of Nemelex Xobeh.
  1303 | D:3      | Found an opulent altar of Gozag.
  1311 | D:3      | Reached XP level 4. HP: 33/39 MP: 4/4
  1419 | D:3      | Noticed Terence
  1429 | D:3      | Killed Terence
  1430 | D:3      | Reached skill level 6 in Axes
  1519 | D:3      | Found a glowing golden altar of the Shining One.
  1629 | D:3      | Found a hazy altar of Hepliaklqana.
  1789 | D:3      | Noticed Ijyb
  1801 | D:3      | Killed Ijyb
  1802 | D:3      | Reached XP level 5. HP: 41/45 MP: 5/5
  1832 | D:3      | Reached skill level 7 in Axes
  2343 | D:3      | Became a worshipper of the Shining One
  2494 | D:4      | Reached skill level 8 in Axes
  2494 | D:4      | Reached XP level 6. HP: 47/51 MP: 6/6
  2622 | D:4      | Identified the +0 robe of the Will of the Gods {rPois}
  2868 | D:4      | Found Fomucer's Antique Weapon Boutique.
  2874 | D:4      | Bought a glowing war axe for 175 gold pieces
  2973 | D:4      | Reached skill level 9 in Axes
  3134 | D:5      | Entered Level 5 of the Dungeon
  3238 | D:5      | Slain by a wyvern zombie

Illustrated notes

Levels and vault maps discovered:
D:1:      elethiomel_arrival_quiet, layout_rooms,
          hellmonk_ecumenical_altar_dog_temple, minmay_pentomino_q4
D:2:      layout_loops_ring, basic_altar, kennysheep_nondescript, st_stairs_14
D:3:      layout_basic, mainiacjoe_overflow_brackets,
          mainiacjoe_overflow_cross_hatched, nicolae_tso_swordbearing_angel,
          serial_rivers, chequers_serial_rivers_large_b,
          chequers_serial_rivers_small_3, chequers_serial_rivers_micro_d,
          chequers_serial_rivers_small_b, serial_bayou_ford_a, uniq_ijyb,
          uniq_terence
D:4:      layout_basic, serial_shops, shop, serial_park_tiny_1
D:5:      layout_basic, nicolae_qazlal_scattered_showers,
          lightli_ossuary_entry_decrepit_ruins, serial_undead, serial_undead_c,
          serial_undead_e, serial_undead_f, serial_undead_f

Skill      XL: |  1  2  3  4  5  6 |
---------------+-------------------+-----
Axes           | 3 4 5 6 8 9 |  9.4
Fighting       | |  3.6
Armour         | |  3.2
Shields        | |  3.2

Action                     |  1- 3 |  4- 6 || total
---------------------------+-------+-------++-------
  Melee: War axe           |    96 |    81 ||   177
    Use: Scroll            |       |     7 ||     7
         Potion            |       |     2 ||     2
 Armour: Scale mail        |    65 |    29 ||    94
         Plate armour      |       |    28 ||    28
  Dodge: Dodged            |    31 |    16 ||    47
  Block: Buckler           |    20 |    13 ||    33

Table legend: (Time is in decaauts)
 A = Elapsed time spent in this place.
 B = Non-inter-level travel time spent in this place.
 C = Inter-level travel time spent in this place.
 D = Time resting spent in this place.
 E = Time spent auto-exploring this place.
 F = Levels seen in this place.
 G = Mean time per level.
                   A        B        C        D        E       F      G
               +--------+--------+--------+--------+--------+-----+--------+
         Total |   3343 |   3151 |    192 |      0 |   2719 |   5 |  668.6 |
       Dungeon |   3343 |   3151 |    192 |      0 |   2719 |   5 |  668.6 |
               +--------+--------+--------+--------+--------+-----+--------+

Top non-repeatable levels by time:
     D:3: 1268 daAuts
     D:2: 774 daAuts
     D:4: 743 daAuts
     D:1: 452 daAuts
     D:5: 104 daAuts
